 Dungeon Crawl Stone Soup version 0.31-a0-321-g19405a7a6a (webtiles) character file.

Game seed: 15543014424493284083

525 Midn8 the Ruffian (level 7, 60/60 HPs)
             Began as a Pale Draconian Berserker on July 17, 2023.
             Was a Priest of Trog.
             Quit the game on level 4 of the Dungeon.
             The game lasted 00:06:28 (3459 turns).

Midn8 the Ruffian (Pale Draconian Berserker)        Turns: 3459, Time: 00:06:28

Health: 60/60      AC:  7    Str: 20    XL:     7   Next: 2%
Magic:  7/7        EV: 13    Int:  7    God:    Trog [***...]
Gold:   68         SH:  0    Dex: 12    Spells: 6/6 levels left

rFire   . .          .
                       - Unarmed
rCold   . . .        (no shield)
rNeg    . . .        (body armour unavailable)
rPois   .            (helmet restricted)
rElec   .            (no cloak)
rCorr   .            (no gloves)
SInv    .            o - +0 pair of boots
Will    .....        (no amulet)
Stlth   +            (no ring)
HPRegen 0.30/turn    (no ring)
MPRegen 0.10/turn

%: no passive effects
@: no status effects
A: breathe steam, AC +6, unfitting armour, cold-blooded, steam resistance
a: Breathe Steam, Renounce Religion, Berserk, Trog's Hand


You were on level 4 of the Dungeon.
You worshipped Trog.
Trog was most pleased with you.
You visited 1 branch of the dungeon, and saw 4 of its levels.

You collected 120 gold pieces.
You spent 52 gold pieces at shops.

Inventory:

Hand Weapons
 b - a +0 sling
Armour
 o - a +0 pair of boots (worn)
Wands
 l - a wand of flame (41)
 m - a wand of iceblast (4)
Scrolls
 f - 2 scrolls of enchant weapon {unknown}
 i - 4 scrolls of identify {unknown}
 k - 2 scrolls of enchant armour {unknown}
 p - a scroll of amnesia {unknown}
 q - a scroll of vulnerability {unknown}
 r - a scroll of acquirement {unknown}
Potions
 a - 5 potions of might
 c - a potion of heal wounds {unknown}
 d - 3 potions of curing {unknown}
 e - a potion of ambrosia {unknown}
 g - a potion of brilliance {unknown}
 h - 2 potions of enlightenment {unknown}
 j - 2 potions of berserk rage {unknown}
 n - a potion of cancellation {unknown}


   Skills:
 - Level 4.8 Fighting
 - Level 4.0 Dodging
 * Level 6.5 Unarmed Combat


You had 6 spell levels left.
You didn't know any spells.
Your spell library was empty.

Dungeon Overview and Level Annotations

Branches:
Dungeon (4/15)
 Temple: D:4-7

Altars:
Makhleb
Okawaru

Shops:
D:3 !


Innate Abilities, Weirdness & Mutations

You can breathe blasts of scalding, opaque steam.
Your pale cyan-grey scales are hard. (AC +6)
You cannot fit into any form of body armour.
You are cold-blooded and may be slowed by cold attacks.
You are immune to the effects of steam.


Message History

The gnoll hits you with a +0 spear.
You barely miss the gnoll. You punch the gnoll.
The gnoll is heavily wounded.
The gnoll hits you but does no damage.
You punch the gnoll!
You kill the gnoll!
Trog accepts your kill.
You have reached level 7!
Your scales start taking on a pale cyan-grey colour.
You learn Fire Magic quicker.
You learn Air Magic quicker.
You learn Evocations quicker.
You can breathe blasts of scalding, opaque steam.
You are now immune to the effects of steam.
You barely miss the gnoll. The gnoll barely misses you.
You hit the gnoll.
You tail-slap the gnoll, but do no damage.
The gnoll is moderately wounded.
The gnoll misses you.
You hit the gnoll.
The gnoll is moderately wounded.
The gnoll hits you with a +0 flail.
You barely miss the gnoll.
The gnoll is moderately wounded.
The gnoll barely misses you.
You barely miss the gnoll.
The gnoll is moderately wounded.
The gnoll hits you with a +0 flail!
You hit the gnoll.
Your tail-slap misses the gnoll.
The gnoll is severely wounded.
You closely miss the gnoll.
The gnoll is severely wounded.
The gnoll hits you with a +0 flail.
You punch the gnoll!
You kill the gnoll!
Trog accepts your kill.
Things that are here:
a +0 flail; a +0 spear; a gnoll corpse You start resting.
HP restored.
Are you sure you want to abandon this character and quit the game? (Confirm with "yes".)

#.# .g) #.# #.#
♣.♣ #.# #.# ♣.♣
#.# #.# #.## #[#
#.# #..# #.# #.#
##.# #.# #.# #.#
#.# ###.#
#.##############.#
....#
#.@........)))...#
###.#
################.#
### ###


There were no monsters in sight!

Vanquished Creatures
  Sigmund (D:3)
  A water moccasin (D:3)
  A hound (D:4)
  An orc wizard (D:4)
  8 gnolls (D:4)
  An adder (D:3)
  2 worms (D:2)
  2 dart slugs
  9 orcs
  10 ball pythons
  9 endoplasms
  3 giant cockroaches (D:1)
  8 goblins
  7 hobgoblins
  9 kobolds
  4 quokkas
  12 bats
  4 frilled lizards (D:1)
  7 rats
99 creatures vanquished.

Notes
Turn   | Place    | Note
-------+----------+-------------------------------------------
     0 | D:1      | Midn8 the Draconian Berserker began the quest for the Orb.
     0 | D:1      | Reached XP level 1. HP: 19/19 MP: 1/1
   162 | D:1      | Reached XP level 2. HP: 25/26 MP: 2/2
   285 | D:1      | Reached ** piety under Trog
   365 | D:1      | Reached XP level 3. HP: 29/31 MP: 3/3
   835 | D:2      | Found an iron altar of Okawaru.
   945 | D:2      | You fall into a shaft and drop 1 floor!
  1303 | D:3      | Reached skill level 4 in Unarmed Combat
  1305 | D:3      | Noticed a water moccasin
  1315 | D:3      | Killed a water moccasin
  1316 | D:3      | Reached XP level 4. HP: 40/40 MP: 4/4
  1316 | D:3      | Reached XP level 5. HP: 46/46 MP: 5/5
  1419 | D:3      | Found a burning altar of Makhleb.
  1535 | D:3      | Found Wicsiklane's Distillery.
  1547 | D:3      | Bought a potion of might for 52 gold pieces
  1735 | D:3      | Reached *** piety under Trog
  1753 | D:3      | Noticed Sigmund
  1777 | D:3      | Killed Sigmund
  1778 | D:3      | Reached skill level 5 in Unarmed Combat
  1778 | D:3      | Reached XP level 6. HP: 55/55 MP: 6/6
  3134 | D:4      | Reached skill level 6 in Unarmed Combat
  3319 | D:4      | Your scales start taking on a pale cyan-grey colour.
  3319 | D:4      | Reached XP level 7. HP: 35/60 MP: 7/7
  3319 | D:4      | Gained mutation: You are immune to the effects of steam.
                  | [Pale Draconian growth]
  3459 | D:4      | Quit the game

Illustrated notes

Levels and vault maps discovered:
D:1:      amcnicky_arrival_wind_blow, layout_basic, hangedman_decor_lopped
D:2:      layout_basic, basic_altar
D:3:      layout_loops_cross, bloody_makhleb, serial_shops, shop,
          minmay_unequal, uniq_sigmund
D:4:      layout_basic, chequers_garden, pf_guarded_unrand_woodcutter

Skill      XL: |  1  2  3  4  5  6 |
---------------+-------------------+-----
Dodging        | 3 4 |  4.0
Unarmed Combat | 4 5 6 |  6.5
Fighting       | 4 |  4.8

Action                     |  1- 3 |  4- 6 |  7- 9 || total
---------------------------+-------+-------+-------++-------
  Melee: Unarmed           |   137 |   149 |     8 ||   294
         Tailslap          |    15 |    10 |     1 ||    26
         Punch             |       |     3 |       ||     3
 Invoke: Berserk           |     1 |     1 |       ||     2
         Trog's Hand       |       |     1 |       ||     1
   Stab: Sleeping          |     2 |       |       ||     2
 Armour: Skin              |    40 |    27 |       ||    67
  Dodge: Dodged            |    81 |    78 |     3 ||   162

Table legend: (Time is in decaauts)
 A = Elapsed time spent in this place.
 B = Non-inter-level travel time spent in this place.
 C = Inter-level travel time spent in this place.
 D = Time resting spent in this place.
 E = Time spent auto-exploring this place.
 F = Levels seen in this place.
 G = Mean time per level.
                   A        B        C        D        E       F      G
               +--------+--------+--------+--------+--------+-----+--------+
         Total |   3458 |   3343 |    115 |    399 |   2241 |   4 |  864.5 |
       Dungeon |   3458 |   3343 |    115 |    399 |   2241 |   4 |  864.5 |
               +--------+--------+--------+--------+--------+-----+--------+

Top non-repeatable levels by time:
     D:4: 1096 daAuts
     D:3: 961 daAuts
     D:1: 723 daAuts
     D:2: 677 daAuts
